 Dungeon Crawl Stone Soup version 0.31-a0-1603-gbec6b6ccbf (webtiles) character file.

Game seed: 48996902643758634

207426 jasper the Executioner (level 18, -2/178 HPs)
             Began as a Minotaur Berserker on Jan 7, 2024.
             Was a High Priest of Trog.
             Killed by the raging water
             ... invoked by a water nymph
              (7 damage)
             ... on level 4 of the Shoals.
             The game lasted 00:48:43 (39751 turns).

jasper the Executioner (Minotaur Berserker)        Turns: 39751, Time: 00:48:44

Health: -2/178     AC: 27    Str: 28    XL:     18   Next: 9%
Magic:  5/5        EV: 16    Int:  4    God:    Trog [*****.]
Gold:   1435       SH:  5    Dex: 16    Spells: 17/17 levels left

rFire   + . .        Y - +6 executioner's axe (antimagic)
rCold   + + .        (shield currently unavailable)
rNeg    + . .        P - +3 chain mail {rN+}
rPois   .            (helmet restricted)
rElec   .            t - +1 cloak
rCorr   .            v - +0 pair of gloves
SInv    .            S - +3 pair of mountain boots {steadfast, rC+}
Will    +++..        a - amulet of reflection Stlth
                     B - +4 ring of slaying
HPRegen 1.49/turn    w - ring of Moclu {rF+ rC+ Str-2 Dex+6}
MPRegen 0.09/turn

%: reflection
@: lethally poisoned (-2 -> -5), about to teleport, afraid, strong-willed,
mesmerised, regenerating, very slow
A: horns 2, retaliatory headbutt
}: 1/15 runes: gossamer
a: Renounce Religion, Berserk, Trog's Hand, Brothers in Arms


You were on level 4 of the Shoals.
You worshipped Trog.
Trog was extremely pleased with you.
You visited 5 branches of the dungeon, and saw 30 of its levels.
You also visited: Bailey.

You collected 2760 gold pieces.
You spent 1325 gold pieces at shops.

Inventory:

Hand Weapons
 f - a +5 heavy battleaxe
 u - a +3 battleaxe of flaming
 Y - a +6 antimagic executioner's axe (weapon)
Missiles
 l - 15 boomerangs (quivered)
 p - 6 atropa-tipped darts
 s - 33 javelins
 H - 7 curare-tipped darts
 I - 7 silver javelins
 Z - 4 throwing nets
Armour
 c - the +1 chain mail of the Onion {*Corrode rPois Str+3 Int+2}
   (You found it on level 2 of the Dungeon)

   Str+3:     It affects your strength (+3).
   Int+2:     It affects your intelligence (+2).
   rPois:     It protects you from poison *Corrode: It may corrode you when you
   take damage.
 t - a +1 cloak (worn)
 v - a +0 pair of gloves (worn)
 P - a +3 chain mail of positive energy (worn)
 S - the +3 pair of mountain boots (worn) {steadfast, rC+}
   (You found it on level 1 of the Lair of Beasts)

   Steadfast: It prevents involuntary movement, except for blinking,
   teleportation, or banishment.
   rC+:       It protects you from cold.
Jewellery
 a - an amulet of reflection (around neck)
 o - a ring of willpower
 w - the ring of Moclu (right hand) {rF+ rC+ Str-2 Dex+6}
   (You acquired it on level 6 of the Dungeon)

   [ring of protection from fire]

   Str-2:     It affects your strength (-2).
   Dex+6:     It affects your dexterity (+6).
   rF+:       It protects you from fire.
   rC+:       It protects you from cold.
 x - a ring of protection from fire
 B - a +4 ring of slaying (left hand)
 E - a ring of resist corrosion
 M - a ring of positive energy
 Q - a ring of ice
 R - a +4 ring of protection
 V - a +5 ring of evasion
Wands
 m - a wand of polymorph (14)
 n - a wand of roots (24)
 r - a wand of charming (30)
 D - a wand of flame (36)
 F - a wand of digging (12)
 G - a wand of mindburst (6)
 U - a wand of quicksilver (10)
Scrolls
 d - 9 scrolls of identify
 e - 4 scrolls of vulnerability
 g - 2 scrolls of butterflies
 h - 6 scrolls of immolation
 i - 4 scrolls of revelation
 y - 7 scrolls of enchant weapon
 C - 5 scrolls of fog
 N - a scroll of poison
 O - 9 scrolls of teleportation
 T - 2 scrolls of blinking
Potions
 b - a potion of cancellation
 j - 4 potions of ambrosia
 k - 4 potions of might
 q - 5 potions of mutation
 z - 4 potions of haste
 A - a potion of resistance
 J - 3 potions of lignification
 K - 2 potions of curing
 L - 2 potions of heal wounds
 W - 3 potions of enlightenment
 X - 3 potions of invisibility


   Skills:
 - Level 20.0 Fighting
 + Level 23.5 Axes
 - Level 10.0 Throwing
 - Level 18.1 Armour
 - Level 12.8 Dodging


You had 17 spell levels left.
You didn't know any spells.
Your spell library was empty.

Dungeon Overview and Level Annotations

Branches:
Dungeon (15/15)            Temple (0/1) D:7            Lair (5/5) D:11
 Shoals (4/4) Lair:3       Spider (4/4) Lair:3        Slime (0/5) Lair:5
    Orc (2/2) D:10            Elf (0/3) Orc:2        Vaults (0/5) D:13
 Depths (0/4) D:15         Bailey (visited)

Altars:
Ashenzari
Cheibriados
Dithmenos
Elyvilon
Kikubaaqudgha
Okawaru
Qazlal
Ru
Uskayaw
Yredelemnul
Jiyva

Shops:
D:6 *   Orc:1 (   Orc:2 :?**   Shoals:2 *

Annotations:
Lair:2 exclusion: ice statue
Lair:3 exclusion: oklob plant
Lair:4 3 runed translucent doors, jestert79's ghost, journeyman DrHs
Lair:5 exclusion: 3 oklob plants
Spider:3 Mara


Innate Abilities, Weirdness & Mutations

You have a pair of horns on your head.
You reflexively headbutt those who attack you in melee.


Message History

* * * LOW HITPOINT WARNING * * *
The snapping turtle closely misses you.
The satyr unwields a +0 quarterstaff.
The satyr wields a +0 longbow.
The satyr shoots an arrow.
The arrow misses you.
The arrow hits the manticore!
You regained 2 hp, and now have 18/178 hp.
You feel much better.
You feel sick.
The merfolk impaler hits you but does no damage.
The merfolk javelineer barely misses you.
The merfolk aquamancer hits you but does no damage.
The merfolk siren chants a haunting song.
You are mesmerised by the merfolk siren!
The water nymph touches you. The water nymph drowns you!
* * * LOW HITPOINT WARNING * * *
The merfolk impaler hits you but does no damage.
The snapping turtle bites you but does no damage.
The merfolk aquamancer misses you. You furiously retaliate!
You headbutt the merfolk aquamancer!
The satyr shoots an arrow.
The arrow hits you but does no damage.
You regained 8 hp, and now have 26/178 hp.
Blink to where?
Press: ? - help, Dir - move target, f - you
Okay, then.
Unknown command.
As you read the scroll of teleportation, it crumbles to dust.
You feel strangely unstable.
You feel sick.
The merfolk javelineer hits you from afar with a +2 spear of venom.
* * * LOW HITPOINT WARNING * * *
You are more poisoned.
The merfolk impaler closely misses you.
The merfolk aquamancer barely misses you.
The merfolk siren chants its luring song.
The merfolk impaler hits you but does no damage.
The satyr plays a frightful melody on its pipes!
The satyr radiates an aura of fear!
The faun unwields a +0 sling.
The faun wields a +0 quarterstaff.
The faun hits you with a +0 quarterstaff!!
* * * LOW HITPOINT WARNING * * *
The water nymph gestures at you while chanting.
The water swirls and strikes you!
You die...

~~. .........
PP~.. ......c..P
PPP.~.###.~...H..P
P~P~..............
≈~P~..............
≈~~~..............
~~PP..............
~PP.....m@mt......
~PP.....ccm~~.....
~~~....mcmtm~<....
~~~....m.m~m[.....
~~~......~~.~.....
~~.......c.......~
~~.........P.....~
~~....#....###...~
~...#.#.~~.. P...


You could see 2 merfolk impalers, a merfolk javelineer, 3 satyrs, 2 merfolk
aquamancers, 2 snapping turtles, 2 merfolk, 2 fauns, a manticore, a merfolk
siren (mesmerising) and a water nymph.

Vanquished Creatures
  Arachne (Spider:3)
  Jorgrun (D:15)
  A kraken (Shoals:3)
  Agnes (Spider:2)
  Aizul (Spider:3)
  Donald (Shoals:3)
  Roxanne (Spider:3)
  A frost giant (D:15)
  6 emperor scorpions
  4 ghost moths
  An orc warlord (D:13)
  3 broodmothers
  3 dire elephants (Lair:5)
  Nessos (D:15)
  Azrael (D:15)
  4 spark wasps (Spider:4)
  2 merfolk impalers
  A fire dragon (D:14)
  5 entropy weavers
  6 hydras
  Erolcha (D:11)
  2 jorogumos
  Erica (Orc:1)
  3 ogre magi
  3 radroaches
  2 merfolk aquamancers
  A catoblepas (Lair:5)
  A death knight (D:14)
  2 merfolk avatars (Shoals:2)
  7 death yaks
  7 centaur warriors
  4 tengu warriors (D:15)
  A satyr (Shoals:3)
  14 two-headed ogres
  6 boulder beetles
  8 demonic crawlers
  A spectral death yak (Lair:5)
  9 skeletal warriors
  2 sea snakes
  3 skysharks
  5 pharaoh ants
  A sun moth (Spider:4)
  14 orb spiders
  A spectral anaconda (Lair:5)
  2 arcanists
  An obsidian statue (Lair:5)
  2 deep trolls
  3 necromancers (Lair:5)
  Pikel (D:4)
  3 steelbarb worms
  4 deep elf pyromancers
  A phantasmal warrior (D:14)
  17 ugly things
  Maurice (D:8)
  7 fauns
  A moth of wrath (Spider:4)
  3 cyclopes
  9 manticores
  2 orc sorcerers
  22 wolf spiders
  6 meliai
  2 kobold blastminers (Orc:1)
  3 black mambas
  10 elephants
  4 water nymphs
  5 merfolk sirens
  9 cane toads
  7 torpor snails
  3 kobold demonologists (D:13)
  2 rime drakes
  An unseen horror (D:11)
  2 freezing wraiths (D:14)
  An efreet (D:14)
  12 komodo dragons
  27 merfolk
  43 tarantellas
  14 trolls
  2 wind drakes
  A polar bear (Lair:5)
  A hornet (D:9)
  7 snapping turtles
  25 culicivoras
  31 jumping spiders
  Sigmund (D:5)
  6 water elementals
  4 wraiths
  A shadow (D:10)
  A dire elephant simulacrum (Lair:5)
  6 wyverns
  11 slime creatures
  2 fire elementals (D:15)
  5 basilisks
  69 yaks
  A fire bat (shapeshifter) (D:10)
  44 redbacks
  2 steam dragons
  3 spectral cane toads (Lair:5)
  Menkaure (D:5)
  4 acid dragons
  19 water moccasins
  4 hell hounds (D:15)
  5 ice beasts
  24 orc warriors
  A black bear (D:7)
  2 laughing skulls (D:15)
  An elephant zombie (Lair:5)
  22 ogres
  9 wolves
  24 centaurs
  An elephant skeleton (Lair:5)
  4 kobold brigands
  Blork the orc (D:6)
  16 bullfrogs
  3 cane toad simulacra (Lair:5)
  5 scorpions
  A gnoll sergeant (D:6)
  10 wights
  An electric eel (Lair:3)
  11 howler monkeys
  4 jellies
  2 gnoll boudas
  7 orc priests
  Crazy Yiuf (D:5)
  7 hounds
  A sleepcap (D:6)
  5 iguanas
  18 orc wizards
  17 gnolls
  9 adders
  2 shadow imps
  5 white imps
  2 ufetubi (D:6)
  2 ribbon worms (Lair:3)
  A dart slug (D:1)
  67 orcs
  8 ball pythons
  8 endoplasms
  6 giant cockroaches
  10 goblins
  11 hobgoblins
  4 jackals (D:2)
  2 quokkas
  3 training dummies (Orc:1)
  4 bats
  4 frilled lizards
  9 kobolds
  6 rats
  4 tentacles (Shoals:3)
995 creatures vanquished.

Vanquished Creatures (collateral kills)
  Polyphemus (Shoals:2)
  A catoblepas (Shoals:2)
  A death yak (Shoals:2)
  A merfolk siren (Shoals:2)
  A water nymph (Shoals:2)
5 creatures vanquished.

Vanquished Creatures (others)
  A merfolk impaler (Shoals:3)
  An orb spider (Spider:4)
  A cane toad (Lair:2)
  A culicivora (Spider:4)
  A water elemental (Shoals:1)
  An orc wizard (D:14)
  A gnoll (D:6)
  An orc (Orc:1)
8 creatures vanquished.

Grand Total: 1008 creatures vanquished

Notes
Turn   | Place    | Note
-------+----------+-------------------------------------------
     0 | D:1      | jasper the Minotaur Berserker began the quest for the Orb.
     0 | D:1      | Reached XP level 1. HP: 19/19 MP: 0/0
    50 | D:1      | Reached skill level 4 in Axes
    62 | D:1      | Reached XP level 2. HP: 13/26 MP: 1/1
   371 | D:1      | Reached skill level 5 in Axes
   829 | D:1      | Reached XP level 3. HP: 31/31 MP: 2/2
   957 | D:2      | Reached ** piety under Trog
  1160 | D:2      | Reached skill level 6 in Axes
  1160 | D:2      | Reached XP level 4. HP: 39/39 MP: 3/3
  1354 | D:2      | Identified the +1 chain mail of the Onion {*Corrode rPois
                  | Str+3 Int+2}
  2476 | D:4      | Found a shadowy altar of Dithmenos.
  2572 | D:4      | Noticed a lemure
  2572 | D:4      | Noticed a lemure
  2572 | D:4      | Noticed Pikel
  2583 | D:4      | Reached XP level 5. HP: 46/46 MP: 4/4
  2587 | D:4      | Noticed a lemure
  2589 | D:4      | Killed Pikel
  2590 | D:4      | Reached skill level 5 in Fighting
  2590 | D:4      | Reached skill level 8 in Axes
  2590 | D:4      | Reached XP level 6. HP: 47/56 MP: 5/5
  2590 | D:4      | Reached XP level 7. HP: 51/61 MP: 6/6
  3264 | D:4      | Reached skill level 9 in Axes
  3264 | D:4      | Reached skill level 5 in Armour
  3541 | D:5      | Entered Level 5 of the Dungeon
  3649 | D:5      | Reached *** piety under Trog
  3840 | D:5      | Reached XP level 8. HP: 55/70 MP: 7/7
  4055 | D:5      | Found a runed translucent door.
  4056 | D:5      | Noticed Crazy Yiuf
  4064 | D:5      | Killed Crazy Yiuf
  4068 | D:5      | Identified the +12 hammer of Ignis {drain, rC+ Str-2 Int+4}
  4115 | D:5      | Noticed Sigmund
  4116 | D:5      | Noticed Menkaure
  4128 | D:5      | Killed Menkaure
  4133 | D:5      | Killed Sigmund
  4134 | D:5      | Reached skill level 10 in Axes
  4532 | D:6      | Found Cuiryst's CLEARANCE SALE!.
  4535 | D:6      | Bought a +0 pair of gloves for 18 gold pieces
  4659 | D:6      | Identified a scroll of acquirement
  4659 | D:6      | Acquired the ring of Moclu {rF+ rC+ Str-2 Dex+6}
  4721 | D:6      | Noticed Blork the orc
  4724 | D:6      | Reached skill level 11 in Axes
  4736 | D:6      | Killed Blork the orc
  4811 | D:6      | Reached XP level 9. HP: 79/79 MP: 8/8
  5568 | D:7      | Found a sacrificial altar of Ru.
  5601 | D:7      | Found a staircase to the Ecumenical Temple.
  5688 | D:7      | Reached skill level 12 in Axes
  6124 | D:7      | Reached **** piety under Trog
  6527 | D:8      | Noticed Maurice
  6538 | D:8      | Killed Maurice
  6539 | D:8      | Reached skill level 13 in Axes
  6657 | D:8      | Reached XP level 10. HP: 85/91 MP: 9/9
  6659 | D:8      | Found a basalt altar of Yredelemnul.
  7453 | D:9      | Found a flagged portal.
  7465 | Bailey   | Entered a bailey
  8323 | Bailey   | Reached skill level 14 in Axes
  8347 | Bailey   | Reached skill level 10 in Fighting
  8645 | Bailey   | Reached skill level 10 in Armour
  9745 | D:9      | Noticed a two-headed ogre
  9768 | D:9      | Killed a two-headed ogre
  9775 | D:9      | Reached XP level 11. HP: 54/102 MP: 10/10
 10196 | D:10     | Entered Level 10 of the Dungeon
 10257 | D:10     | Found an ancient bone altar of Kikubaaqudgha.
 10275 | D:10     | Reached ***** piety under Trog
 10515 | D:10     | Found a staircase to the Orcish Mines.
 10531 | D:10     | Noticed a deep elf pyromancer
 10552 | D:10     | Killed a deep elf pyromancer
 10857 | D:10     | Found a hide-covered altar of Uskayaw.
 11146 | D:10     | Found a broken altar of Ashenzari.
 11147 | D:10     | Found a stormy altar of Qazlal.
 11190 | D:10     | Found a snail-covered altar of Cheibriados.
 11342 | D:10     | Found a white marble altar of Elyvilon.
 11392 | D:11     | Noticed a two-headed ogre
 11396 | D:11     | Killed a two-headed ogre
 11483 | D:11     | Found a staircase to the Lair.
 11541 | D:11     | Noticed a brown ugly thing
 11547 | D:11     | Reached skill level 15 in Axes
 11548 | D:11     | Killed a brown ugly thing
 11569 | D:11     | Noticed a boulder beetle
 11576 | D:11     | Killed a boulder beetle
 11871 | D:11     | Noticed Erolcha
 11871 | D:11     | Noticed a boulder beetle
 11871 | D:11     | You fall into a shaft and drop 2 floors!
 12167 | D:11     | Killed Erolcha
 12171 | D:11     | Killed a boulder beetle
 12172 | D:11     | Reached skill level 16 in Axes
 12233 | Lair:1   | Entered Level 1 of the Lair of Beasts
 12501 | Lair:1   | Reached XP level 12. HP: 113/113 MP: 11/11
 12660 | Lair:1   | Found the +3 pair of mountain boots {steadfast, rC+}
 13243 | Lair:2   | Received a gift from Trog
 14606 | Lair:3   | Noticed a death yak
 14613 | Lair:3   | Reached skill level 15 in Fighting
 14613 | Lair:3   | Noticed a death yak
 14614 | Lair:3   | Noticed a death yak
 14696 | Lair:3   | Noticed a death yak
 14700 | Lair:3   | Killed a death yak
 14701 | Lair:3   | Reached skill level 15 in Armour
 14705 | Lair:3   | Killed a death yak
 14705 | Lair:3   | Killed a death yak
 14706 | Lair:3   | Reached XP level 13. HP: 127/127 MP: 12/12
 15259 | Lair:3   | Found a hole to the Spider Nest.
 15294 | Lair:3   | Received a gift from Trog
 16058 | Lair:3   | Found a staircase to the Shoals.
 16823 | Lair:4   | Reached skill level 17 in Axes
 17043 | Lair:4   | Found a runed translucent gate.
 17043 | Lair:4   | Found a runed translucent gate.
 17043 | Lair:4   | Found a runed translucent gate.
 17044 | Lair:4   | Noticed a quicksilver ooze
 17044 | Lair:4   | Noticed an acid blob
 17044 | Lair:4   | Noticed an azure jelly
 17044 | Lair:4   | Noticed an acid blob
 17045 | Lair:4   | Noticed an azure jelly
 17046 | Lair:4   | Noticed an acid blob
 17046 | Lair:4   | Noticed jestert79's ghost (journeyman DrHs)
 17046 | Lair:4   | Noticed an azure jelly
 17046 | Lair:4   | Noticed an acid blob
 17047 | Lair:4   | Noticed an azure jelly
 17047 | Lair:4   | Noticed an acid blob
 17294 | Lair:4   | Found a viscous altar of Jiyva.
 17482 | Orc:1    | Entered Level 1 of the Orcish Mines
 17683 | Orc:2    | Entered Level 2 of the Orcish Mines
 17696 | Orc:2    | Found Hejisch's Book Boutique.
 17711 | Orc:1    | Reached skill level 18 in Axes
 18097 | Orc:1    | Reached XP level 14. HP: 104/137 MP: 13/13
 18176 | Orc:2    | Paralysed by an ogre mage for 5 turns
 18342 | Orc:2    | Reached skill level 19 in Axes
 18343 | Orc:2    | Received a gift from Trog
 18369 | Orc:2    | Found Pewebi's Magic Scroll Shoppe.
 18383 | Orc:2    | Found Lebaney's Assorted Antiques.
 18384 | Orc:2    | Found Ogoilalirch's General Store.
 18430 | Orc:2    | Bought 2 silver javelins for 306 gold pieces
 18440 | Orc:2    | Bought a potion of haste for 340 gold pieces
 18440 | Orc:2    | Bought a potion of invisibility for 272 gold pieces
 18508 | Orc:2    | Bought a scroll of teleportation for 48 gold pieces
 18508 | Orc:2    | Bought a scroll of blinking for 120 gold pieces
 18508 | Orc:2    | Bought a scroll of teleportation for 48 gold pieces
 18693 | Orc:2    | Found a staircase to the Elven Halls.
 19275 | Orc:1    | Found Ytta's Firing Range.
 19282 | Orc:1    | Bought a throwing net for 33 gold pieces
 19282 | Orc:1    | Bought a throwing net for 33 gold pieces
 19282 | Orc:1    | Bought 6 curare-tipped darts for 79 gold pieces
 19410 | Orc:1    | Noticed Erica
 19424 | Orc:1    | Killed Erica
 20015 | Lair:5   | Entered Level 5 of the Lair of Beasts
 20022 | Lair:5   | Reached skill level 20 in Axes
 20110 | Lair:5   | Received a gift from Trog
 20701 | Lair:5   | Reached skill level 21 in Axes
 21916 | Lair:5   | Reached skill level 22 in Axes
 21984 | Lair:5   | Found a staircase to the Slime Pits.
 22275 | D:12     | Reached XP level 15. HP: 90/144 MP: 4/14
 22827 | D:13     | Reached skill level 5 in Dodging
 22843 | D:13     | Received a gift from Trog
 23662 | D:13     | Found a gate to the Vaults.
 24413 | D:14     | Received a gift from Trog
 24418 | D:14     | Reached skill level 10 in Dodging
 24418 | D:14     | Reached skill level 1 in Throwing
 24682 | D:14     | Identified the +3 scale mail of the Robin {Int+3}
 25115 | D:15     | Entered Level 15 of the Dungeon
 25164 | D:15     | Identified the +6 mace "Puguoc" {spect, Dex+3}
 25191 | D:15     | Noticed Azrael
 25202 | D:15     | Killed Azrael
 25213 | D:15     | Reached skill level 5 in Throwing
 25454 | D:15     | Noticed Nessos
 25466 | D:15     | Killed Nessos
 25499 | D:15     | Noticed Jorgrun
 25511 | D:15     | Killed Jorgrun
 25986 | D:15     | Noticed a frost giant
 25987 | D:15     | Found a staircase to the Depths.
 25989 | D:15     | Killed a frost giant
 26205 | D:15     | Found an iron altar of Okawaru.
 26555 | Spider:1 | Entered Level 1 of the Spider Nest
 26587 | Spider:1 | Reached XP level 16. HP: 134/151 MP: 15/15
 27305 | Spider:1 | Reached skill level 10 in Throwing
 28513 | Spider:2 | Identified the +5 hand axe "Luim" {heavy, rElec rF+ Dex+6
                  | Stlth+} (Trog gifted it to you on level 2 of the Spider
                  | Nest)
 28513 | Spider:2 | Received a gift from Trog
 28519 | Spider:2 | Noticed Agnes
 28525 | Spider:2 | Killed Agnes
 29680 | Spider:3 | Noticed Roxanne
 29701 | Spider:3 | Killed Roxanne
 30043 | Spider:3 | Noticed Arachne
 30061 | Spider:3 | Killed Arachne
 30400 | Spider:3 | Received a gift from Trog
 30434 | Spider:3 | Identified the serpent talisman "Laophav" {rElec Dex-4
                  | Slay+2}
 30434 | Spider:3 | Noticed Aizul
 30441 | Spider:3 | Killed Aizul
 30843 | Spider:3 | Noticed Mara
 30851 | Spider:3 | Noticed jasper's illusion
 31176 | Spider:4 | Entered Level 4 of the Spider Nest
 31392 | Spider:3 | Reached XP level 17. HP: 63/165 MP: 16/16
 33185 | Spider:4 | Received a gift from Trog
 34493 | Spider:4 | Got a gossamer rune of Zot
 34642 | Spider:4 | Got a gossamer rune of Zot
 34704 | Spider:4 | Got a gossamer rune of Zot
 34717 | Spider:4 | Got a gossamer rune of Zot
 35082 | Spider:4 | Got a gossamer rune of Zot
 35481 | Shoals:1 | Entered Level 1 of the Shoals
 35988 | Shoals:1 | Received a gift from Trog
 36009 | Shoals:1 | Reached ****** piety under Trog
 36642 | Shoals:2 | Noticed Polyphemus
 36662 | Shoals:2 | Killed Polyphemus
 36944 | Shoals:2 | Found Ewek's Assorted Antiques.
 36955 | Shoals:2 | Bought a scroll labelled NUUTEZO TACU for 28 gold pieces
 38181 | Shoals:3 | Reached skill level 23 in Axes
 38264 | Shoals:3 | Noticed a kraken
 38271 | Shoals:3 | Killed a kraken
 38398 | Shoals:3 | Noticed Donald
 38408 | Shoals:3 | Killed Donald
 38409 | Shoals:3 | Reached XP level 18. HP: 171/178 MP: 5/17
 38712 | Shoals:3 | Received a gift from Trog
 39530 | Shoals:4 | Entered Level 4 of the Shoals
 39751 | Shoals:4 | HP: 5/178 [faun/+0 quarterstaff (19)]
 39751 | Shoals:4 | Killed from afar by a water nymph

Illustrated notes

Levels and vault maps discovered:
D:1:      tarquinn_simple_flora_water_e, layout_basic, st_stairs_13,
          chequers_mini_garden
D:2:      layout_basic
D:3:      layout_basic
D:4:      layout_basic, amcnicky_altar_gilded, dreamdust_gnoll_farm, uniq_pikel
D:5:      nicolae_cairo_tiling_large_dashed, layout_basic,
          uniq_crazy_yiuf_cottage, uniq_menkaure, uniq_sigmund
D:6:      layout_basic, nicolae_shop_clearance, uniq_blork_the_orc
D:7:      layout_basic, mainiacjoe_overflow_alcove_1,
          minmay_temple_entry_statues_fountains, grunt_tough_drop
D:8:      layout_basic, lemuel_crystal_altar, uniq_maurice
D:9:      minmay_octagon_keep, layout_long_grid, enter_bailey_7
D:10:     layout_loops_corners, gammafunk_temple_overflow_statue,
          kennysheep_mini, mainiacjoe_overflow_small_starburst,
          mainiacjoe_overflow_cross_hatched, cheibriados_altar_1, david_orc_2
D:11:     layout_roguey, lair_entry_dummy, uniq_erolcha
D:12:     layout_basic
D:13:     layout_basic, david_vaults_2, kennysheep_just_a_vault
D:14:     layout_cave_pools, serial_library_regret_index_double_sided
D:15:     grunt_enter_depths_snipers, layout_loops_cross, okawaru_gym_becter,
          uniq_azrael, uniq_jorgrun, uniq_nessos
Lair:1:   layout_chaotic_city, serial_bayou_crossing, grunt_megastairs_5
Lair:2:   layout_hall_layers, chequers_serial_rivers_micro_a, ice2_lemuel,
          lemuel_fruit_fields
Lair:3:   layout_roguey, mainiacjoe_shoals_entry_four_pools,
          nicolae_spider_entry_non_spiders, grunt_megastairs_4,
          infiniplex_staircase_pool
Lair:4:   layout_big_grid, gammafunk_ghost_ooze, lemuel_fruit_fields
Lair:5:   due_jungle_book, layout_loops_ring, minmay_slime_entry_oklob_open,
          grunt_megastairs_1, serial_bayou_shore_b, infiniplex_staircase_pool_2
Shoals:1: layout_shoals
Shoals:2: layout_shoals, serial_shops, shop, uniq_polyphemus
Shoals:3: nicolae_shoals_lighthouse, layout_shoals, uniq_donald
Shoals:4: shoals_end_grunt_garden, layout_shoals, shoal_ilsuiw, uniq_nikola
Spider:1: layout_chambers
Spider:2: layout_spider_delve, nicolae_spider_checkerboard, uniq_agnes
Spider:3: layout_spider_delve, uniq_arachne, uniq_aizul, uniq_roxanne, uniq_mara
Spider:4: johnstein_spider_rune_arachne_lair, nicolae_spider_nook
Orc:1:    layout_diamond_mine, nicolae_shop_firing_range, uniq_erica
Orc:2:    st_orc_open, layout_caves

Skill      XL: |  1  2  3  4  5  6  7  8  9 10 11 12 13 14 15 16 17 |
---------------+----------------------------------------------------+-----
Axes           | 4 5 6 8 9 11 13 14 16 18 22 23 | 23.5
Fighting       | 4 5 6 7 9 11 12 15 16 18 20 | 20.0
Armour         | 4 5 6 8 10 12 15 16 17 18 | 18.1
Dodging        | 4 10 11 12 | 12.8
Throwing       | 8 10 | 10.0

Action                     |  1- 3 |  4- 6 |  7- 9 | 10-12 | 13-15 | 16-18 || total
---------------------------+-------+-------+-------+-------+-------+-------++-------
  Melee: Hand axe          |    89 |    26 |       |       |       |       ||   115
         Headbutt          |    11 |     6 |    33 |    90 |   205 |   135 ||   480
         Punch             |     1 |       |       |     1 |       |       ||     2
         Morningstar       |       |    28 |    68 |       |       |       ||    96
         Mace              |       |       |   130 |   182 |    18 |       ||   330
         Spear             |       |       |       |    69 |       |       ||    69
         Glaive            |       |       |       |    12 |       |       ||    12
         War axe           |       |       |       |   199 |    68 |       ||   267
         Battleaxe         |       |       |       |       |   694 |   412 ||  1106
         Executioner's axe |       |       |       |       |       |   197 ||   197
  Throw: Dart              |       |     1 |     1 |    22 |     6 |       ||    30
         Boomerang         |       |       |       |       |       |    94 ||    94
 Invoke: Berserk           |       |     1 |     1 |     3 |     2 |     2 ||     9
         Trog's Hand       |       |       |     1 |     7 |     3 |     4 ||    15
         Brothers in Arms  |       |       |       |       |       |     1 ||     1
  Evoke: Wand              |       |       |     2 |    14 |       |       ||    16
    Use: Scroll            |     7 |     5 |     7 |     5 |     6 |     6 ||    36
         Potion            |       |       |       |     4 |       |     5 ||     9
 Armour: Animal skin       |    25 |       |       |       |       |       ||    25
         Leather armour    |    11 |       |       |       |       |       ||    11
         Chain mail        |    13 |    34 |   131 |   481 |   719 |   969 ||  2347
  Dodge: Dodged            |    51 |    30 |    83 |   348 |   704 |   725 ||  1941
  Block: Buckler           |     4 |     5 |    42 |   102 |    15 |       ||   168
         Other             |       |       |       |       |   112 |   177 ||   289
         Reflection        |       |       |       |       |    10 |    10 ||    20

Table legend: (Time is in decaauts)
 A = Elapsed time spent in this place.
 B = Non-inter-level travel time spent in this place.
 C = Inter-level travel time spent in this place.
 D = Time resting spent in this place.
 E = Time spent auto-exploring this place.
 F = Levels seen in this place.
 G = Mean time per level.
                   A        B        C        D        E       F      G
               +--------+--------+--------+--------+--------+-----+--------+
         Total |  40013 |  38123 |   1890 |   6987 |  24747 |  31 | 1290.7 |
       Dungeon |  15269 |  14394 |    875 |   1120 |  10834 |  15 | 1017.9 |
          Lair |   7712 |   7129 |    583 |    953 |   4997 |   5 | 1542.4 |
        Shoals |   4196 |   4081 |    115 |   1032 |   2383 |   4 | 1049.0 |
   Spider Nest |   8936 |   8771 |    165 |   3085 |   4362 |   4 | 2234.0 |
  Orcish Mines |   2367 |   2217 |    150 |    521 |   1368 |   2 | 1183.5 |
        Bailey |   1531 |   1531 |      0 |    276 |    802 |   1 | 1531.0 |
               +--------+--------+--------+--------+--------+-----+--------+

Top non-repeatable levels by time:
Spider:3: 3167 daAuts
Spider:4: 2429 daAuts
  Lair:5: 1968 daAuts
  Lair:2: 1838 daAuts
Spider:1: 1740 daAuts
  Lair:3: 1711 daAuts
Shoals:3: 1642 daAuts
Spider:2: 1598 daAuts
    D:13: 1595 daAuts
   Orc:1: 1534 daAuts
  Bailey: 1531 daAuts
Shoals:2: 1322 daAuts
    D:15: 1298 daAuts
     D:9: 1291 daAuts
  Lair:4: 1219 daAuts
